 Dungeon Crawl Stone Soup version 0.26-a0-649-gf8c6c3aab7 (webtiles) character file.

Game seed: 11223987090646516891

62 smeego the Ducker (level 4, -5/31 HPs)
             Began as an Octopode Fighter on Sept 27, 2020.
             Slain by a gnoll
             ... wielding a +0 halberd
              (14 damage)
             ... on level 2 of the Dungeon.
             The game lasted 00:01:06 (780 turns).

smeego the Ducker (Octopode Fighter)                 Turns: 780, Time: 00:01:07

Health: -5/31      AC:  1    Str: 22    XL:     4   Next: 8%
Magic:  4/4        EV: 11    Int: 10    God:
Gold:   46         SH:  9    Dex: 11    Spells: 3/3 levels left

rFire    . . .     SeeInvis .   a - +0 long sword
rCold    . . .     Faith    .   b - +0 kite shield
rNeg     . . .     Spirit   .   m - +0 hat {MR+}
rPois    .         Reflect  .   (no amulet)
rElec    .         Harm     .   q - +6 ring of strength
rCorr    .         Rampage  .   (no ring)
MR       +....                  (no ring)
Stlth    +++.......             (no ring)
HPRegen  0.10/turn              (no ring)
MPRegen  0.09/turn              (no ring)
                                (no ring)
                                (no ring)

@: no status effects
A: almost no armour, stealthy swim, amphibious, 8 rings, constrict 8, camouflage
1, gelatinous body 1
a: no special abilities


You were on level 2 of the Dungeon.
You visited 1 branch of the dungeon, and saw 2 of its levels.

You collected 46 gold pieces.

Inventory:

Hand Weapons
 a - a +0 long sword (weapon)
 n - a +0 dagger
Missiles
 e - 13 sling bullets
 k - 10 boomerangs (quivered)
Armour
 b - a +0 kite shield (worn)
 m - a +0 hat of magic resistance (worn)
Jewellery
 q - a +6 ring of strength (left tentacle)
Scrolls
 d - a scroll of enchant armour {unknown}
 g - 2 scrolls of identify {unknown}
 i - 2 scrolls of fog {unknown}
 j - a scroll of magic mapping {unknown}
 o - a scroll of immolation {unknown}
 p - a scroll of enchant weapon {unknown}
 s - a scroll of amnesia {unknown}
Potions
 c - a potion of might
 f - a potion of brilliance {unknown}
 h - a potion of curing {unknown}
 l - a potion of mutation {unknown}
 r - a potion of stabbing {unknown}


   Skills:
 + Level 3.2 Fighting
 * Level 2.8 Long Blades
 + Level 1.0 Throwing
 + Level 3.2 Dodging
 + Level 1.3 Stealth
 + Level 3.2 Shields
 + Level 0.8 Unarmed Combat


You had 3 spell levels left.
You didn't know any spells.
Your spell library was empty.

Dungeon Overview and Level Annotations

Branches:
Dungeon (2/15)

Altars:


Innate Abilities, Weirdness & Mutations

You cannot wear most types of armour.
You are very stealthy in the water. (Stealth+)
You are amphibious.
You can wear up to eight rings at the same time.
You can use your tentacles to constrict eight enemies at once.
Your skin changes colour to match your surroundings (Stealth+).
Your rubbery body absorbs attacks. (AC +1, EV +1)


Message History

You closely miss the gnoll. You grab the gnoll. You constrict the gnoll.
The gnoll hits you with a +0 spear.
The ball python hisses angrily.
You hit the gnoll but do no damage. You squeeze the gnoll.
The gnoll is heavily wounded.
You constrict the gnoll. You block the gnoll's attack.
You hit the gnoll but do no damage.
The gnoll is almost dead.
You constrict the gnoll.
You kill the gnoll!
Your Throwing skill increases to level 1!
You have reached level 4!
The worker ant bites you.
You hit the worker ant. You grab the worker ant. You squeeze the worker ant.
The worker ant is heavily wounded.
You constrict the worker ant. The worker ant bites you!
* * * LOW HITPOINT WARNING * * *
The worker ant completely misses you.
The gnoll hits you from afar with a +0 halberd!
You die...

.. .#.. ..# #.# ...
#.#### .. ... .....#
#? #.# #r#..#
##.##.#####.#..##
#...#.#gg.......#
####r#.#g.#.###S#...#
.....S.a.g..# #a#...#
####.#.#g###.##@#...#
#....# #.g......#
##.#.# #.#####..#
####...## #..# #.
#..# # #..# #..#####
#......# ##.###.#


You could see a worker ant, a gnoll, a ball python and a rat.

Vanquished Creatures
  3 gnolls (D:2)
  4 dart slugs
  2 giant cockroaches (D:1)
  A goblin (D:1)
  2 hobgoblins (D:1)
  2 jackals (D:1)
  3 kobolds
  6 bats
  2 frilled lizards
  A rat (D:1)
26 creatures vanquished.

Notes
Turn   | Place    | Note
-------+----------+-------------------------------------------
     0 | D:1      | smeego the Octopode Fighter began the quest for the Orb.
     0 | D:1      | Reached XP level 1. HP: 16/16 MP: 1/1
   110 | D:1      | Reached XP level 2. HP: 20/21 MP: 2/2
   293 | D:1      | Reached skill level 1 in Stealth
   412 | D:1      | Reached XP level 3. HP: 23/26 MP: 3/3
   778 | D:2      | Reached skill level 1 in Throwing
   778 | D:2      | Reached XP level 4. HP: 21/31 MP: 4/4
   780 | D:2      | Slain by a gnoll

Illustrated notes

Levels and vault maps discovered:
D:1:      nicolae_arrival_washed_ashore, layout_rooms
D:2:      cheibrodos_pilgrimage, layout_loops_ring, minmay_goblin_kobold_house

Skill      XL: |  1  2  3 |
---------------+----------+-----
Stealth        | 1 |  1.3
Throwing       | 1 |  1.0
Fighting       | |  3.2
Long Blades    | |  2.8
Dodging        | |  3.2
Shields        | |  3.2
Unarmed Combat | |  0.8

Action                   |  1- 3 |  4- 6 || total
-------------------------+-------+-------++-------
Melee: Long sword        |    35 |     1 ||    36
       Tentacles         |     9 |     1 ||    10
       Constrict         |    11 |     1 ||    12
 Stab: Sleeping          |     4 |       ||     4
Armor: Skin              |     2 |       ||     2
Dodge: Dodged            |    20 |     1 ||    21
Block: Kite shield       |    18 |       ||    18
       Rpst.: Long sword |     7 |       ||     7

Table legend: (Time is in decaauts)
 A = Elapsed time spent in this place.
 B = Non-inter-level travel time spent in this place.
 C = Inter-level travel time spent in this place.
 D = Time resting spent in this place.
 E = Time spent auto-exploring this place.
 F = Levels seen in this place.
 G = Mean time per level.
                   A        B        C        D        E       F      G
               +--------+--------+--------+--------+--------+-----+--------+
         Total |    791 |    768 |     23 |      0 |    578 |   2 |  395.5 |
       Dungeon |    791 |    768 |     23 |      0 |    578 |   2 |  395.5 |
               +--------+--------+--------+--------+--------+-----+--------+

Top non-repeatable levels by time:
     D:1: 581 daAuts
     D:2: 210 daAuts
